 Dungeon Crawl Stone Soup version 0.29.1 (webtiles) character file.

Game seed: 6593714001603324697

4041 EvilAshe the Carver (level 10, -5/76 HPs)
             Began as a Human Fighter on Sept 12, 2022.
             Was a Believer of the Shining One.
             Splashed by a brown ugly thing's acid (14 damage)
             ... on level 8 of the Dungeon.
             The game lasted 00:26:41 (10101 turns).

EvilAshe the Carver (Human Fighter)                Turns: 10101, Time: 00:26:41

Health: -5/76      AC:  7    Str: 20    XL:     10   Next: 48%
Magic:  19/19      EV:  7    Int:  9    God:    the Shining One [**....]
Gold:   395        SH:  6    Dex: 17    Spells: 9/9 levels left

rFire   + . .      SeeInvis .   a - +0 long sword (venom)
rCold   . . .      Faith    .   c - +0 buckler
rNeg    + + +      Spirit   .   L - +0 chain mail {rF+}
rPois   .          Reflect  .   t - +0 helmet
rElec   .          Harm     +   H - +1 cloak {Will+}
rCorr   .          Rampage  .   J - +2 pair of gloves of Unambiguity {Harm rN++ MP+9 Dex+4}
Will    +....                   z - +1 pair of boots
Stlth   ..........              (no amulet)
HPRegen 0.22/turn               (no ring)
MPRegen 0.16/turn               (no ring)

@: mighty, corroded, glowing
A: no striking features
a: Renounce Religion, Divine Shield


You were on level 8 of the Dungeon.
You worshipped the Shining One.
The Shining One was pleased with you.
You visited 2 branches of the dungeon, and saw 9 of its levels.
You also visited: Sewer.

You collected 395 gold pieces.

Inventory:

Hand Weapons
 a - a +0 long sword of venom (weapon)
 i - a +0 scimitar
 M - a +0 long sword of electrocution
 O - a +2 long sword of flaming
Missiles
 e - 85 stones
 h - 8 poisoned darts (quivered)
 k - 4 javelins
Armour
 c - a +0 buckler (worn)
 t - a +0 helmet (worn)
 z - a +1 pair of boots (worn)
 H - a +1 cloak of willpower (worn)
 J - the +2 pair of gloves of Unambiguity (worn) {Harm rN++ MP+9 Dex+4}
   (You found it on level 6 of the Dungeon)

   Dex:       It affects your dexterity (+4).
   rN:        It greatly protects you from negative energy.
   MP:        It affects your magic capacity (+9).
   Harm:      It increases damage dealt and taken.
 L - a +0 chain mail of fire resistance (worn)
Jewellery
 b - a ring of protection from cold
 x - a ring of wizardry
 E - a +6 ring of intelligence
Wands
 g - a wand of polymorph (4)
 F - a wand of charming (8)
 G - a wand of digging (8)
Scrolls
 d - a scroll of enchant weapon {unknown}
 f - 3 scrolls of enchant armour
 l - 3 scrolls of amnesia {unknown}
 m - 4 scrolls of blinking {unknown}
 n - a scroll of brand weapon
 r - 2 scrolls of teleportation {unknown}
 u - a scroll of summoning {unknown}
 v - a scroll of vulnerability {unknown}
 w - a scroll of fear
 y - 2 scrolls of immolation {unknown}
 D - 3 scrolls of torment {unknown}
 K - 3 scrolls of magic mapping
 N - a scroll of silence {unknown}
 P - a scroll of identify
Potions
 j - 2 potions of curing
 o - 2 potions of cancellation
 p - a potion of might
 q - a potion of brilliance
 s - 2 potions of flight
 A - 3 potions of mutation
 B - 2 potions of lignification
 C - 2 potions of magic {unknown}
 I - a potion of heal wounds {unknown}


   Skills:
 + Level 5.7 Fighting
 * Level 12.2 Long Blades
 + Level 5.7 Armour
 - Level 5.0 Shields


You had 9 spell levels left.
You didn't know any spells.
Your spell library contained the following spells:

 Spells                   Type           Power      Damage    Failure   Level
 Passwall                 Tmut/Erth      0%         N/A       100%        2
 Sublimation of Blood     Necr           0%         N/A       100%        2
 Wereblood                Tmut           0%         N/A       100%        2
 Summon Guardian Golem    Hex/Summ       0%         N/A       100%        3
 Swiftness                Air            0%         N/A       100%        3
 Hailstorm                Conj/Ice       0%         3d3       100%        4
 Ice Form                 Ice/Tmut       0%         N/A       100%        4
 Simulacrum               Ice/Necr       0%         N/A       100%        6
 Statue Form              Tmut/Erth      0%         N/A       100%        6
 Orb of Destruction       Conj           0%         9d5       100%        7
 Spellforged Servitor     Conj/Summ      0%         N/A       100%        7
 Summon Hydra             Summ           0%         N/A       100%        7


Dungeon Overview and Level Annotations

Branches:
Dungeon (8/15)             Temple (1/1) D:4           Sewer (visited)
   Lair: D:8-11

Altars:
Elyvilon
Hepliaklqana
Okawaru
Qazlal
Ru
Vehumet
Wu Jian
Xom
Zin
The Shining One

Shops:
D:1 (   D:7 *

Annotations:
D:5 3 runed translucent doors, Zgarb's ghost, novice KoIE
D:6 2 transporters


Message History

Throw: 9 darts (poison)
Press: ? - help, Q - select action, (/) - cycle Shift-Dir - straight line, f/p - brown ugly thing
Aim: a brown ugly thing (haloed, 79% to hit)
You throw a poisoned dart.
The poisoned dart hits the brown ugly thing.
You barely miss the brown ugly thing. The brown ugly thing tail-slaps you!
You are splashed with acid!
You slash the brown ugly thing!
The brown ugly thing is poisoned.
The brown ugly thing is moderately wounded.
The brown ugly thing tail-slaps you. The acid corrodes you!
You are splashed with acid!
The brown ugly thing attacks as you move away!
You block the brown ugly thing's attack.
The brown ugly thing attacks as you move away!
The brown ugly thing barely misses you.
The brown ugly thing tail-slaps you but does no damage.
You feel very mighty all of a sudden. The brown ugly thing tail-slaps you!
The acid corrodes you!
You are splashed with acid!
You slash the brown ugly thing!
The brown ugly thing is severely wounded.
You hit the brown ugly thing.
The brown ugly thing looks even sicker.
The brown ugly thing is severely wounded.
The brown ugly thing tail-slaps you but does no damage.
You completely miss the brown ugly thing.
The brown ugly thing is severely wounded.
The brown ugly thing barely misses you.
You hit the brown ugly thing.
The brown ugly thing looks as sick as possible!
The brown ugly thing is almost dead.
The brown ugly thing tail-slaps you.
You are splashed with acid!
* * * LOW HITPOINT WARNING * * *
The brown ugly thing attacks as you move away!
The brown ugly thing tail-slaps you but does no damage.
The brown ugly thing attacks as you move away!
The brown ugly thing barely misses you. The brown ugly thing tail-slaps you.
* * * LOW HITPOINT WARNING * * *
The acid corrodes you!
You are splashed with acid!
You die...

#.........# #.#
#########.# #.# #.# #.#
######.# #.#
#......#######.#
####.####..........
#######..........###.....
........###......#
.###....# ##....@## .#
##...## ###..u.# .##
##...## ##...## ..##
##.[.# ##...## ...##
##..## ##...# #...##
##..## ##..## #..#
#....## ##..## ##..##
#...# #.....## ##..##
#.).## #... ##.....##
##..## ##...## #..


You could see a brown ugly thing (very poisoned).

Vanquished Creatures
  Joseph (D:7)
  Sigmund (D:2)
  A steam dragon (D:7)
  An acid dragon (D:8)
  Duvessa (D:7)
  3 orc warriors
  3 ice beasts
  Pargi (Sewer)
  2 ogres
  A phantom (D:5)
  A gnoll sergeant (D:5)
  2 bullfrogs (D:6)
  2 necrophages
  5 scorpions
  4 wights
  Dowan (D:7)
  5 killer bees (D:8)
  3 jellies
  6 orc priests
  9 hounds
  2 gnoll boudas
  Crazy Yiuf (D:2)
  Jessica (D:2)
  2 iguanas
  7 orc wizards
  Robin (D:1)
  9 gnolls
  10 adders
  2 ufetubi (D:6)
  5 worms
  A dart slug (D:4)
  28 orcs
  13 ball pythons
  12 endoplasms
  5 giant cockroaches
  14 goblins
  10 hobgoblins
  5 jackals
  9 quokkas
  2 bats (D:1)
  3 frilled lizards
  9 kobolds
  7 rats
211 creatures vanquished.

Vanquished Creatures (others)
  2 plants (D:6)
2 creatures vanquished.

Grand Total: 213 creatures vanquished

Notes
Turn   | Place    | Note
-------+----------+-------------------------------------------
     0 | D:1      | EvilAshe the Human Fighter began the quest for the Orb.
     0 | D:1      | Reached XP level 1. HP: 18/18 MP: 1/1
   268 | D:1      | Reached XP level 2. HP: 12/24 MP: 2/2
   592 | D:1      | Found a faded altar of an unknown god.
   626 | D:1      | Found Hauciuna's Antique Weapon Shoppe.
   945 | D:1      | Reached XP level 3. HP: 28/29 MP: 3/3
   983 | D:1      | Reached skill level 3 in Long Blades
  1164 | D:2      | Noticed Sigmund
  1330 | D:2      | Noticed Robin
  1715 | D:2      | Found a runed translucent door.
  1716 | D:2      | Noticed Crazy Yiuf
  1833 | D:1      | Killed Robin
  1834 | D:1      | Reached XP level 4. HP: 25/35 MP: 4/4
  2196 | D:2      | Noticed Jessica
  2366 | D:3      | Noticed a scorpion
  2371 | D:3      | Found a sacrificial altar of Ru.
  2374 | D:3      | Killed a scorpion
  2375 | D:3      | Reached skill level 4 in Long Blades
  2375 | D:3      | Reached XP level 5. HP: 33/41 MP: 5/5
  2487 | D:3      | Noticed an ogre
  2939 | D:4      | Reached XP level 6. HP: 18/47 MP: 6/6
  3072 | D:4      | Found a staircase to the Ecumenical Temple.
  3093 | Temple   | Entered the Ecumenical Temple
  3122 | Temple   | Became a worshipper of the Shining One
  3181 | D:4      | Reached skill level 5 in Long Blades
  3538 | D:4      | Found an ornate altar of the Wu Jian Council.
  3654 | D:4      | Noticed an ogre
  3838 | D:4      | Reached XP level 7. HP: 47/52 MP: 7/7
  3883 | D:4      | Found a radiant altar of Vehumet.
  3883 | D:4      | Found a shimmering altar of Xom.
  3976 | D:4      | Reached skill level 6 in Long Blades
  4125 | D:4      | Reached skill level 5 in Shields
  4286 | D:4      | Got Geeshezi's Quarto of Petrous Lightning
  4383 | D:5      | Entered Level 5 of the Dungeon
  4490 | D:5      | Reached skill level 7 in Long Blades
  4738 | D:5      | Reached XP level 8. HP: 58/58 MP: 8/8
  4746 | D:5      | Found a runed translucent gate.
  4747 | D:5      | Noticed Zgarb's ghost (novice KoIE)
  4747 | D:5      | Found a runed translucent gate.
  4748 | D:5      | Identified the +1 chain mail of the Shore {+Blink rCorr
                  | Slay+2}
  4749 | D:5      | Found a runed translucent gate.
  4842 | D:5      | Reached skill level 8 in Long Blades
  4934 | D:5      | Reached * piety under the Shining One
  5379 | D:5      | Reached skill level 9 in Long Blades
  5991 | D:2      | Killed Jessica
  6184 | D:2      | Killed Sigmund
  6185 | D:2      | Reached skill level 10 in Long Blades
  6185 | D:2      | Reached XP level 9. HP: 58/63 MP: 9/9
  6283 | D:2      | Killed Crazy Yiuf
  6909 | D:6      | Found a glowing drain.
  6926 | Sewer    | Entered a sewer
  6947 | Sewer    | Noticed Pargi
  6957 | Sewer    | Killed Pargi
  7130 | D:6      | Identified the +2 pair of gloves of Unambiguity {Harm rN++
                  | MP+9 Dex+4}
  7462 | D:6      | Found a transporter.
  7476 | D:6      | Noticed a kobold demonologist
  7484 | D:6      | Found a transporter.
  7484 | D:6      | Identified the +10 trident of Gin and Tonic {spect, Drain
                  | Str+4 Int+3 Stlth+}
  7499 | D:6      | Found a hazy altar of Hepliaklqana.
  7516 | D:6      | Reached ** piety under the Shining One
  7649 | D:6      | Reached skill level 11 in Long Blades
  7720 | D:6      | Noticed a kobold demonologist
  7980 | D:7      | Noticed Dowan
  7980 | D:7      | Noticed Duvessa
  7986 | D:7      | Killed Duvessa
  7990 | D:7      | Killed Dowan
  8393 | D:7      | Reached XP level 10. HP: 69/73 MP: 10/10
  8741 | D:7      | Noticed Joseph
  8764 | D:7      | Killed Joseph
  8765 | D:7      | Reached skill level 5 in Fighting
  8765 | D:7      | Reached skill level 5 in Armour
  9138 | D:7      | Found Zeschog's Fire Supplies.
  9364 | D:8      | Noticed Maggie
  9376 | D:8      | Noticed Maggie
  9376 | D:8      | Maggie changed into Maggie the acid dragon
  9394 | D:8      | Killed Maggie the acid dragon
  9395 | D:8      | Reached skill level 12 in Long Blades
 10069 | D:8      | Noticed a brown ugly thing
 10101 | D:8      | Splashed by a brown ugly thing's acid

Illustrated notes

Levels and vault maps discovered:
D:1:      dpeg_arrival_refuge, layout_loops_ring,
          hellmonk_ecumenical_altar_leap_of_faith, serial_shops, shop
D:2:      layout_rooms, uniq_jessica, uniq_sigmund, uniq_robin,
          uniq_crazy_yiuf_cottage
D:3:      layout_basic, general_overflow_altar
D:4:      layout_rooms, mainiacjoe_overflow_six_doors_small,
          mainiacjoe_overflow_divided_tiny, minmay_temple_entry_statues_pillars,
          minmay_bent
D:5:      layout_loops_ring, biasface_ghost_orc_armoury,
          chequers_serial_rivers_micro_d
D:6:      gammafunk_wand_slinger, layout_basic, mainiacjoe_overflow_chevrons,
          gup_sewer_entry_bubbles, minmay_door_square
D:7:      layout_basic, nicolae_shop_fire_sale [nicolae_sub_dead_trees],
          uniq_duvessa, uniq_joseph
D:8:      minmay_thick_lines, layout_loops_ring, lightli_temple_of_fire,
          grunt_temple_overflow_open, uniq_maggie, uniq_grum
Temple:   dpeg_chambers_temple

Skill      XL: |  1  2  3  4  5  6  7  8  9 10 |
---------------+-------------------------------+-----
Long Blades    | 3 4 5 7 10 11 12 | 12.2
Shields        | 4 5 |  5.0
Fighting       | 4 5 |  5.7
Armour         | 4 5 |  5.7

Action                   |  1- 3 |  4- 6 |  7- 9 | 10-12 || total
-------------------------+-------+-------+-------+-------++-------
Melee: Long sword        |   119 |   182 |   343 |    85 ||   729
Throw: Dart              |       |     8 |     8 |     4 ||    20
       Javelin           |       |     8 |       |       ||     8
Evoke: Wand              |       |       |       |     1 ||     1
  Use: Potion            |       |     4 |       |     2 ||     6
       Scroll            |       |     4 |     4 |     2 ||    10
Armor: Scale mail        |    67 |    12 |       |       ||    79
       Chain mail        |       |    96 |   173 |    55 ||   324
Dodge: Dodged            |    48 |    59 |    94 |    30 ||   231
Block: Buckler           |    30 |    39 |    65 |    22 ||   156
